 Dungeon Crawl Stone Soup version 0.26-a0-966-gd078a86f14 (webtiles) character file.

Game seed: 13442926921651905398

343 marklar909 the Sneak (level 6, 0/61 HPs)
             Began as a Troll Delver on Dec 4, 2020.
             Slain by an orc
             ... wielding a +0 flail
              (4 damage)
             ... on level 6 of the Dungeon.
             The game lasted 00:01:06 (392 turns).

marklar909 the Sneak (Troll Delver)                  Turns: 392, Time: 00:01:07

Health: 0/61       AC:  6    Str: 21    XL:     6   Next: 31%
Magic:  5/5        EV: 10    Int:  6    God:
Gold:   40         SH:  0    Dex: 13    Spells: 5/5 levels left

rFire    . . .     SeeInvis .     - Unarmed
rCold    . . .     Faith    .   (no shield)
rNeg     . . .     Spirit   .   a - +0 robe
rPois    .         Reflect  .   (helmet restricted)
rElec    .         Harm     .   (no cloak)
rCorr    .         Rampage  .   (gloves unavailable)
MR       .....                  (boots unavailable)
Stlth    ++........             (no amulet)
HPRegen  0.60/turn              (no ring)
MPRegen  0.09/turn              (no ring)

@: hasted, very quick
A: large, unfitting armour, claws 3, regeneration 1, shaggy fur 1, tough skin 3
a: no special abilities


You were on level 6 of the Dungeon.
You visited 1 branch of the dungeon, and saw 4 of its levels.

You collected 40 gold pieces.

Inventory:

Armour
 a - a +0 robe (worn)
Jewellery
 g - an uncursed ring of ice {unknown}
Wands
 f - a wand of digging (3)
Scrolls
 b - a scroll of fog
 c - a scroll of magic mapping
 d - a scroll of fear
 h - a scroll of identify {unknown}
 j - a scroll of remove curse {unknown}
Potions
 i - a potion of curing {unknown}
 k - a potion of mutation {unknown}


   Skills:
 + Level 3.0 Fighting
 + Level 2.4 Dodging
 + Level 4.0 Stealth
 + Level 3.9 Unarmed Combat


You had 5 spell levels left.
You didn't know any spells.
Your spell library was empty.

Dungeon Overview and Level Annotations

Branches:
Dungeon (5/15)
 Temple: D:4-7

Altars:
Cheibriados


Innate Abilities, Weirdness & Mutations

You are too large for most types of armour.
You have claws for hands.
Your natural rate of healing is unusually fast.
You are covered in fur. (AC +1)
You have extremely tough skin. (AC +3)


Message History

Unknown command.
You barely miss the orc. The orc hits you but does no damage.
You barely miss the orc. The orc barely misses you.
Unknown command.
You scratch the orc.
The orc is moderately wounded.
The orc hits you but does no damage.
You closely miss the orc.
The orc is moderately wounded.
The orc hits you with a +0 flail.
* * * LOW HITPOINT WARNING * * *
The orc hits you.
* * * LOW HITPOINT WARNING * * *
You closely miss the orc.
The orc is moderately wounded.
Unknown command.
You closely miss the orc.
The orc is moderately wounded.
The orc hits you with a +0 flail.
You die...

#.............
#.###.....##..#
#.# ##...## .#
#.# ##..... #
#.# #..### ##
#.# #..# ## ..
#.# #..##.#.#
#.#####)o#.=..#
#.....(..@>#
#######.o#...#
#..##.## #..#
.# #..# .# #...
.. #..##.# #...
..


You could see 2 orcs.

Vanquished Creatures
  2 bullfrogs (D:6)
  2 orc priests (D:6)
  A centaur skeleton (D:4)
  An orc wizard (D:6)
  An iguana (D:5)
  A worker ant (D:5)
  A worker ant zombie (D:5)
  An adder (D:3)
  An ooze (D:6)
  3 dart slugs (D:5)
  2 leopard geckos
  3 orcs
  A giant cockroach (D:6)
  A goblin (D:3)
  A hobgoblin (D:3)
22 creatures vanquished.

Notes
Turn   | Place    | Note
-------+----------+-------------------------------------------
     0 | D:5      | marklar909 the Troll Delver began the quest for the Orb.
     0 | D:5      | Reached XP level 1. HP: 22/22 MP: 0/0
    39 | D:5      | Reached skill level 3 in Stealth
    39 | D:5      | Reached XP level 2. HP: 29/29 MP: 1/1
    52 | D:5      | Reached XP level 3. HP: 26/36 MP: 2/2
    66 | D:5      | Reached XP level 4. HP: 18/44 MP: 3/3
   291 | D:3      | You fall into a shaft and drop 3 floors!
   303 | D:6      | Noticed a bullfrog
   306 | D:6      | Noticed a bullfrog
   313 | D:6      | Killed a bullfrog
   314 | D:6      | Reached XP level 5. HP: 45/52 MP: 4/4
   332 | D:6      | Found a snail-covered altar of Cheibriados.
   376 | D:6      | Reached XP level 6. HP: 16/61 MP: 5/5
   384 | D:6      | Reached skill level 4 in Stealth
   392 | D:6      | Slain by an orc

Illustrated notes

Levels and vault maps discovered:
D:3:      layout_loops_cross, minmay_lizard_king
D:4:      layout_cave_pools, nicolae_overflow_hidden_temple, uniq_eustachio
D:5:      kennysheep_slugbush, layout_basic, overflow_temple_1_default,
          grunt_decor_resistance, chequers_serial_rivers_small_3
D:6:      layout_loops_ring, old_standard_altar,
          nemelex_xobeh_ov_fountains_minmay, nicolae_ru_sacrificial_ziggurat,
          minmay_temple_entry_poolview, kennysheep_generic_room_7, uniq_grinder

Skill      XL: |  1  2  3  4  5  6 |
---------------+-------------------+-----
Stealth        | 3 4 |  4.0
Dodging        | 2 |  2.4
Unarmed Combat | 3 |  3.9
Fighting       | 3 |  3.0

Action                   |  1- 3 |  4- 6 || total
-------------------------+-------+-------++-------
Melee: Unarmed           |    27 |    56 ||    83
       Punch             |       |     2 ||     2
  Use: Potion            |       |     1 ||     1
 Stab: Sleeping          |       |     1 ||     1
Armor: Robe              |    11 |    20 ||    31
Dodge: Dodged            |     9 |    29 ||    38

Table legend: (Time is in decaauts)
 A = Elapsed time spent in this place.
 B = Non-inter-level travel time spent in this place.
 C = Inter-level travel time spent in this place.
 D = Time resting spent in this place.
 E = Time spent auto-exploring this place.
 F = Levels seen in this place.
 G = Mean time per level.
                   A        B        C        D        E       F      G
               +--------+--------+--------+--------+--------+-----+--------+
         Total |    383 |    371 |     12 |      8 |    188 |   4 |   95.8 |
       Dungeon |    383 |    371 |     12 |      8 |    188 |   4 |   95.8 |
               +--------+--------+--------+--------+--------+-----+--------+

Top non-repeatable levels by time:
     D:5: 158 daAuts
     D:6: 94 daAuts
     D:3: 94 daAuts
     D:4: 36 daAuts
